 Dungeon Crawl Stone Soup version 0.22-b1-21-g5cfc1688f2 (webtiles) character file.

135 Fascinator the Grasshopper (level 5, 0/40 HPs)
             Began as a Gnoll Wanderer on Aug 7, 2018.
             Slain by a jelly (3 damage)
             ... on level 2 of the Dungeon.
             The game lasted 00:05:42 (2334 turns).

Fascinator the Grasshopper (Gnoll Wanderer)         Turns: 2334, Time: 00:05:42

Health: 0/40       AC: -4    Str: 20    XL:     5   Next: 18%
Magic:  7/7        EV: 11    Int: 15    God:
Gold:   123        SH:  0    Dex: 14    Spells: 6/6 levels left

rFire    . . .     SeeInvis .   d - +0 club
rCold    . . .     Gourm    .   (no shield)
rNeg     + . .     Faith    .   b - +0 ring mail
rPois    .         Spirit   .   (no helmet)
rElec    .         Reflect  .   (no cloak)
rCorr    .         Harm     .   l - +1 pair of gloves
MR       .....                  (no boots)
Stlth    ++........             o - amulet of regeneration
HPRegen  0.53/turn              u - ring of stealth
MPRegen  0.10/turn              r - ring of positive energy

@: mighty, corroded
A: distributed training, fangs 1, screaming 1, evolution 1, strong nose
a: no special abilities


You were on level 2 of the Dungeon.
You were very hungry.

You visited 1 branch of the dungeon, and saw 2 of its levels.

You collected 123 gold pieces.

Inventory:

Hand Weapons
 d - a +0 club (weapon)
Armour
 b - a +0 ring mail (worn)
 l - a +1 pair of gloves (worn)
Jewellery
 h - an uncursed ring of flight
 o - an amulet of regeneration (around neck)
 r - a ring of positive energy (right hand)
 u - a ring of stealth (left hand)
Scrolls
 g - a scroll of identify {unknown}
 i - a scroll of blinking {unknown}
 j - a scroll of remove curse {unknown}
 q - a scroll of enchant weapon {unknown}
 t - a scroll of amnesia {unknown}
 v - a scroll of magic mapping {unknown}
Potions
 a - 2 potions of mutation
 k - a potion of flight {unknown}
 m - a potion of agility {unknown}
 n - a potion of brilliance {unknown}
 p - a potion of degeneration {unknown}
Comestibles
 f - a ration


   Skills:
 + Level 2.9 Fighting
 + Level 1.3 Short Blades
 + Level 1.3 Long Blades
 + Level 1.3 Axes
 + Level 4.7 Maces & Flails
 + Level 1.3 Polearms
 + Level 1.3 Staves
 + Level 1.3 Slings
 + Level 1.3 Bows
 + Level 1.3 Crossbows
 + Level 1.3 Throwing
 + Level 1.3 Armour
 + Level 1.3 Dodging
 + Level 1.3 Stealth
 + Level 2.9 Shields
 + Level 1.3 Unarmed Combat
 + Level 1.3 Spellcasting
 + Level 1.1 Conjurations
 + Level 1.1 Hexes
 + Level 1.1 Charms
 + Level 1.1 Summonings
 + Level 1.1 Necromancy
 + Level 5.5 Translocations
 + Level 3.9 Transmutations
 + Level 1.1 Fire Magic
 + Level 1.1 Ice Magic
 + Level 1.1 Air Magic
 + Level 1.1 Earth Magic
 + Level 1.1 Poison Magic
 + Level 1.5 Invocations
 + Level 2.9 Evocations


You had 6 spell levels left.
You didn't know any spells.
Your spell library contained the following spells:

 Spells                   Type           Power        Failure   Level  Hunger
 Teleport Other           Tloc           ###.....     12%         3    ####...
 Blink                    Tloc           N/A          6%          2    ###....
 Passwall                 Tmut/Erth      #.......     22%         2    ###....
 Sticks to Snakes         Tmut           ##......     12%         2    ###....
 Passage of Golubria      Tloc           N/A          38%         4    #####..
 Shroud of Golubria       Chrm/Tloc      ##........   16%         2    ###....
 Gell's Gravitas          Tloc           ###.......   12%         3    ####...
 Lesser Beckoning         Tloc           ###.......   12%         3    ####...


Dungeon Overview and Level Annotations

Branches:
Dungeon (2/15)

Altars:


Innate Abilities, Weirdness & Mutations

Your experience applies equally to all skills.
You have very sharp teeth.
Your uncanny sense of smell can sniff out nearby items.
You occasionally shout uncontrollably at your foes.
You evolve.


Message History

The jelly hits you but does no damage.
You hit the jelly but do no damage.
Your branches burn!
* * * LOW HITPOINT WARNING * * *
The jelly is moderately wounded.
The jelly hits you but does no damage.
You hit the jelly.
Your branches burn!
* * * LOW HITPOINT WARNING * * *
The jelly is moderately wounded.
The jelly hits you but does no damage.
You hit the jelly but do no damage.
Your branches burn!
* * * LOW HITPOINT WARNING * * *
The jelly is moderately wounded.
You feel less wooden.
Your +1 pair of gloves unmelds from your body.
Your +0 ring mail unmelds from your body.
The jelly closely misses you.
It was a potion of might.
You feel very mighty all of a sudden. The jelly hits you.
You die...

#..÷.... #### ### #...<### ...#
#######.##J.÷..!##....÷.#
...######....#.#.#÷.....##.####.#
...##(##.....#.#.#..JJJ.##......#
.....((......#'#†#.÷.JPP##.######
...#())........#.#...J..##.......
...##.'........#.#...PPP#########
...##.##.).....#@#÷...JJ#
...######......##JJ.PP..# ####
##########......# #######


You could see a jelly and an ooze.

Vanquished Creatures
  A jelly (D:2)
  2 adders (D:2)
  3 oozes (D:2)
  A dart slug (D:1)
  2 leopard geckos
  5 giant cockroaches
  4 goblins
  7 hobgoblins
  9 jackals
  2 quokkas (D:2)
  2 ball pythons
  8 bats
  2 frilled lizards (D:2)
  18 kobolds
  3 rats
69 creatures vanquished.

Vanquished Creatures (others)
  10 toadstools (D:2)
10 creatures vanquished.

Grand Total: 79 creatures vanquished

Notes
Turn   | Place    | Note
-------+----------+-------------------------------------------
     0 | D:1      | Fascinator the Gnoll Wanderer began the quest for the Orb.
     0 | D:1      | Fascinator set off with: a +0 ring mail, a +0 club, a ration
     0 | D:1      | Reached XP level 1. HP: 17/17 MP: 2/2
   539 | D:1      | Reached XP level 2. HP: 17/23 MP: 3/3
   745 | D:1      | Reached XP level 3. HP: 13/28 MP: 4/4
  1643 | D:2      | Reached skill level 1 in Invocations
  1755 | D:2      | Reached skill level 1 in Short Blades
  1755 | D:2      | Reached skill level 1 in Long Blades
  1755 | D:2      | Reached skill level 1 in Axes
  1755 | D:2      | Reached skill level 1 in Polearms
  1755 | D:2      | Reached skill level 1 in Staves
  1755 | D:2      | Reached skill level 1 in Slings
  1755 | D:2      | Reached skill level 1 in Bows
  1755 | D:2      | Reached skill level 1 in Crossbows
  1755 | D:2      | Reached skill level 1 in Throwing
  1755 | D:2      | Reached skill level 1 in Armour
  1755 | D:2      | Reached skill level 1 in Dodging
  1755 | D:2      | Reached skill level 1 in Stealth
  1755 | D:2      | Reached skill level 1 in Unarmed Combat
  1755 | D:2      | Reached skill level 1 in Spellcasting
  1936 | D:2      | Reached XP level 4. HP: 34/34 MP: 6/6
  2239 | D:2      | Reached skill level 1 in Conjurations
  2239 | D:2      | Reached skill level 1 in Hexes
  2239 | D:2      | Reached skill level 1 in Charms
  2239 | D:2      | Reached skill level 1 in Summonings
  2239 | D:2      | Reached skill level 1 in Necromancy
  2239 | D:2      | Reached skill level 1 in Fire Magic
  2239 | D:2      | Reached skill level 1 in Ice Magic
  2239 | D:2      | Reached skill level 1 in Air Magic
  2239 | D:2      | Reached skill level 1 in Earth Magic
  2239 | D:2      | Reached skill level 1 in Poison Magic
  2308 | D:2      | Gained mutation: You occasionally shout uncontrollably at your foes. [potion of mutation]
  2308 | D:2      | Gained mutation: You evolve. [potion of mutation]
  2312 | D:2      | Reached XP level 5. HP: 11/40 MP: 7/7
  2333 | D:2      | HP: 3/60 [acid (4)]
  2334 | D:2      | Slain by a jelly

Skill      XL: |  1  2  3  4 |
---------------+-------------+-----
Invocations    | 1 |  1.5
Short Blades   | 1 |  1.3
Long Blades    | 1 |  1.3
Axes           | 1 |  1.3
Polearms       | 1 |  1.3
Staves         | 1 |  1.3
Slings         | 1 |  1.3
Bows           | 1 |  1.3
Crossbows      | 1 |  1.3
Throwing       | 1 |  1.3
Armour         | 1 |  1.3
Dodging        | 1 |  1.3
Stealth        | 1 |  1.3
Unarmed Combat | 1 |  1.3
Spellcasting   | 1 |  1.3
Conjurations   | 1 |  1.1
Hexes          | 1 |  1.1
Charms         | 1 |  1.1
Summonings     | 1 |  1.1
Necromancy     | 1 |  1.1
Fire Magic     | 1 |  1.1
Ice Magic      | 1 |  1.1
Air Magic      | 1 |  1.1
Earth Magic    | 1 |  1.1
Poison Magic   | 1 |  1.1
Fighting       | |  2.9
Maces & Flails | |  4.7
Shields        | |  2.9
Translocations | |  5.5
Transmutations | |  3.9
Evocations     | |  2.9

Action                   |  1- 3 |  4- 6 || total
-------------------------+-------+-------++-------
Melee: Club              |   213 |   163 ||   376
       Bite              |    22 |    17 ||    39
  Use: Potion            |     1 |     4 ||     5
 Stab: Distracted        |     1 |       ||     1
  Eat: Chunk             |     4 |       ||     4
Armor: Ring mail         |   130 |    94 ||   224
       Skin              |       |    17 ||    17
Dodge: Dodged            |   181 |   127 ||   308
